 Dungeon Crawl Stone Soup version 0.17.1-1-g73c8601 (webtiles) character file.

97 JustSomeDude the Insei (level 4, -3/37 HPs)
             Began as a Demonspawn Monk on Dec 25, 2015.
             Slain by a worm (5 damage)
             ... on level 2 of the Dungeon.
             The game lasted 00:05:01 (1269 turns).

JustSomeDude the Insei (Demonspawn Monk)            Turns: 1269, Time: 00:05:01

Health: -3/37      AC:  5    Str: 12    XL:     4   Next: 42%
Magic:  4/4        EV: 12    Int: 12    God:
Gold:   86         SH:  0    Dex: 15    Spells: 0 memorised, 3 levels left

rFire  . . .     SeeInvis .     j - +0 hand axe
rCold  . . .     Clarity  .     g - +0 ring mail
rNeg   . . .     SustAt   .     (no shield)
rPois  .         Gourm    .     (no helmet)
rElec  .         Spirit   .     (no cloak)
rCorr  .         Warding  .     (no gloves)
rMut   .         Stasis   .     (no boots)
MR     .....                    (no amulet)
Stlth  +.........               (no ring)
                                (no ring)

@: not resistant to hostile enchantments, very unstealthy
A: hooves 1, powered by death 1
a: no special abilities


You were on level 2 of the Dungeon.
You were not hungry.

You visited 1 branch of the dungeon, and saw 2 of its levels.

You collected 86 gold pieces.

Inventory:

Hand Weapons
 j - a +0 hand axe (weapon)
Missiles
 f - a throwing net (quivered)
Armour
 a - a +0 robe
 g - a +0 ring mail (worn)
Jewellery
 k - a cursed ring of teleportation {unknown}
Scrolls
 c - a scroll of remove curse {unknown}
 d - 5 scrolls of identify {unknown}
 l - a scroll of enchant weapon {unknown}
Potions
 e - a potion of heal wounds
 h - a potion of curing {unknown}
Comestibles
 b - a bread ration
 i - a beef jerky


   Skills:
 + Level 3.7 Fighting
 + Level 0.1 Axes
 + Level 0.5 Armour
 + Level 3.3 Dodging
 + Level 2.0 Stealth
 + Level 4.2 Unarmed Combat


You had 3 spell levels left.
You didn't know any spells.

Dungeon Overview and Level Annotations

Branches:
Dungeon (2/15)

Altars:
Dithmenos


Innate Abilities, Weirdness & Mutations

You have large cloven feet.
You regenerate a little health from kills.


Message History

You barely miss the worm.
The worm is heavily wounded.
The worm barely misses you.
You hit the worm. You kick the worm, but do no damage.
The worm is heavily wounded.
The worm bites you but does no damage.
You barely miss the worm. You kick the worm, but do no damage.
The worm is heavily wounded.
You hit the worm.
The worm is heavily wounded.
You feel less regenerative. The worm bites you!
* * * LOW HITPOINT WARNING * * *
You hit the worm. You kick the worm, but do no damage.
The worm is heavily wounded.
The worm closely misses you.
You hit the worm but do no damage.
The worm is heavily wounded.
The worm bites you.
You die...

#.........# ####
#..†.....># ...#
#.........#####
...######.............#
...'..................#
...####################
............
##....################
#(...#.......#.@w...#
#....###.##..#(#######
#..#§###.##...........
####.§.##.###........##
..#.#.#§#.#.'..........
#..§§§§§§.#.#.........#
#.#§#§#§#§#.#†........#
(..#.§§#....#....####.#
...§#.###...#.#.## .#


You could see a worm.

Vanquished Creatures
  3 gnolls (D:1)
  3 adders (D:2)
  3 bats
  5 giant cockroaches
  4 goblins
  4 hobgoblins (D:1)
  A quokka (D:2)
  A ball python (D:1)
  4 giant newts
  8 kobolds
  6 rats
42 creatures vanquished.

Vanquished Creatures (others)
  A ghoul (D:1)
  2 minotaurs (D:1)
  3 vine stalkers (D:1)
  A troll (D:1)
  A spriggan (D:1)
  3 vampires (D:1)
  A centaur (D:1)
  3 kobolds (D:1)
  4 tentacles (D:1)
  40 tentacle segments (D:1)
59 creatures vanquished.

Grand Total: 101 creatures vanquished

Notes
Turn   | Place    | Note
--------------------------------------------------------------
     0 | D:1      | JustSomeDude the Demonspawn Monk began the quest for the Orb.
     0 | D:1      | Reached XP level 1. HP: 18/18 MP: 1/1
     2 | D:1      | Noticed a vampire
     2 | D:1      | Noticed a vampire
     2 | D:1      | Noticed a ghoul
     2 | D:1      | Noticed a vampire
     2 | D:1      | Noticed a troll
     2 | D:1      | Noticed a minotaur
     2 | D:1      | Noticed a kraken
     2 | D:1      | Noticed a minotaur
     2 | D:1      | Noticed a centaur
     2 | D:1      | Noticed a spriggan
     2 | D:1      | Noticed a vine stalker
     2 | D:1      | Noticed a vine stalker
     2 | D:1      | Noticed a vine stalker
     4 | D:1      | Killed a centaur
     4 | D:1      | Killed a vampire
     5 | D:1      | Killed a vampire
     6 | D:1      | Killed a vine stalker
     7 | D:1      | Killed a minotaur
     7 | D:1      | Killed a ghoul
     8 | D:1      | Killed a vine stalker
     8 | D:1      | Killed a vampire
    11 | D:1      | Killed a troll
    12 | D:1      | Killed a spriggan
    13 | D:1      | Killed a vine stalker
    14 | D:1      | Killed a minotaur
   126 | D:1      | Gained mutation: You regenerate a little health from kills. [demonic ancestry]
   126 | D:1      | Reached XP level 2. HP: 8/24 MP: 2/2
   747 | D:1      | HP: 1/24 [gnoll/halberd (6)]
   749 | D:1      | Reached skill level 4 in Unarmed Combat
   749 | D:1      | Gained mutation: You have large cloven feet. [demonic ancestry]
   749 | D:1      | Reached XP level 3. HP: 1/29 MP: 3/3
  1090 | D:2      | Found a shadowy altar of Dithmenos.
  1150 | D:2      | Reached XP level 4. HP: 22/35 MP: 4/4
  1269 | D:2      | Slain by a worm

Action                   |  1- 3 |  4- 6 || total
-------------------------+-------+-------++-------
Melee: Unarmed           |   138 |       ||   138
       Hand axe          |    34 |    33 ||    67
  Use: Potion            |     3 |       ||     3
 Stab: Sleeping          |     4 |       ||     4
  Eat: Bread ration      |     1 |       ||     1
